 Dungeon Sprint DCSS version 0.32-a0-470-g255bbe2f98 (webtiles) character file.

Game seed: 16957758917900658422

777 Conn the Arsonist (level 7, -5/41 HPs)
             Began as an Octopode Fire Elementalist on Feb 25, 2024.
             Was an Elder of Sif Muna.
             Slain by Ciuskyg the pandemonium lord (28 damage)
             ... in the Dungeon (Sprint V: "Ziggurat Sprint").
             The game lasted 00:08:25 (476 turns).

Conn the Arsonist (Octopode Fire Elementalist)       Turns: 476, Time: 00:08:25

Health: -5/41      AC:  1    Str: 19    XL:     7   Next: 84%
Magic:  8/15       EV: 18    Int: 31    God:    Sif Muna [****..]
Gold:   0          SH:  0    Dex: 25    Spells: 0/17 levels left

rFire   + . .        A - +27 heavy crossbow "Sniper" {heavy, Acc+∞ SInv}
rCold   . . .        (shield currently unavailable)
rNeg    . . .        (helmet restricted)
rPois   .            (no amulet)
rElec   .            q - +6 ring of dexterity
rCorr   +            r - +6 ring of dexterity
SInv    +            s - +6 ring of intelligence
Will    .....        t - +6 ring of intelligence
Stlth   +++++        u - +6 ring of strength
HPRegen 0.26/turn    v - +6 ring of strength
MPRegen 0.14/turn    J - ring of resist corrosion
                     G - ring of protection from fire

%: no teleportation
@: studying Ranged Weapons
A: almost no armour, amphibious, 8 rings, camouflage 1, gelatinous body 1,
(nimble swimmer 1), tentacles
a: Renounce Religion, Channel Magic, Forget Spell, Divine Exegesis


You were in the Dungeon.
You worshipped Sif Muna.
Sif Muna was greatly pleased with you.
You visited 1 branch

Inventory:

Hand Weapons
 z - the +6 Majin-Bo {spellvamp, MP+6 Int+6}
   (You found it in the Dungeon)

   Int+6:     It affects your intelligence (+6).
   MP+6:      It affects your magic capacity (+6).
 A - the +27 heavy crossbow "Sniper" (weapon) {heavy, Acc+∞ SInv}
   (You found it in the Dungeon)

   Acc+∞: It never misses its target.
   SInv:      It lets you see invisible.
 C - the +7 great mace "Firestarter" {flame, immolate, rFlCloud rF++}
   (You found it in the Dungeon)

   rFlCloud:  It grants immunity to clouds of flame.
   rF++:      It greatly protects you from fire.
 D - the +8 lance "Wyrmbane" {slay drac, rPois rF+ rC+ AC+3}
   (You found it in the Dungeon)

   AC+3:      It affects your AC (+3).
   rF+:       It protects you from fire.
   rC+:       It protects you from cold.
   rPois:     It protects you from poison
Armour
 B - the +18 shield of the Gong {Loud rN+ Will+ rCorr EV-5}
   (You found it in the Dungeon)

   Loud:      It is deafeningly noisy when blocking attacks.
   EV-5:      It affects your evasion (-5).
   rN+:       It protects you from negative energy.
   Will+:     It increases your willpower.
   rCorr:     It protects you from acid and corrosion.
Jewellery
 p - a ring of flight
 q - a +6 ring of dexterity (left tentacle)
 r - a +6 ring of dexterity (right tentacle)
 s - a +6 ring of intelligence (on tentacle)
 t - a +6 ring of intelligence (on tentacle)
 u - a +6 ring of strength (on tentacle)
 v - a +6 ring of strength (on tentacle)
 G - a ring of protection from fire (on tentacle)
 J - a ring of resist corrosion (on tentacle)
Wands
 w - a wand of mindburst (7)
 x - a wand of iceblast (3)
 y - a wand of quicksilver (7)
 F - a wand of charming (8)
 I - a wand of flame (6)
 K - a wand of digging (6)
Scrolls
 f - 4 scrolls of blinking
 l - 4 scrolls of amnesia
 m - 7 scrolls of fog
 n - 5 scrolls of identify
 o - 2 scrolls of fear
 H - 4 scrolls of enchant armour
Potions
 a - 8 potions of magic
 b - 10 potions of curing
 c - 10 potions of heal wounds
 d - 10 potions of haste
 e - 3 potions of berserk rage
 g - 2 potions of brilliance
 h - 2 potions of invisibility
 i - 4 potions of resistance
 j - a potion of experience
 k - 5 potions of might
Miscellaneous
 E - a tin of tremorstones (2/2)


   Skills:
 * Level 0.0 Ranged Weapons
 + Level 5.9 Dodging
 - Level 7.1 Stealth
 * Level 6.4 Shields
 + Level 5.6 Spellcasting
 + Level 4.6 Conjurations
 + Level 1.9 Hexes
 * Level 3.1 Summonings
 + Level 8.0 Fire Magic
 + Level 0.0 Ice Magic
 * Level 3.1 Air Magic
 * Level 7.1 Invocations
 - Level 0.5 Evocations


You couldn't memorise any spells.
You knew the following spells:

 Your Spells              Type           Power      Damage    Failure   Level
a - Foxfire               Conj/Fire      100%       2x1d9     1%          1
b - Scorch                Fire           100%       2d9       1%          2
c - Inner Flame           Hex/Fire       39%        N/A       1%          3
d - Flame Wave            Conj/Fire      48%        2d12      3%          4
e - Summon Lightning Spi  Summ/Air       28%        N/A       14%         4
f - Hailstorm             Conj/Ice       23%        3d7       6%          3

Your spell library contained the following spells:

 Spells                   Type           Power      Damage    Failure   Level
 Shock                    Conj/Air       100%       1d9       1%          1
 Slow                     Hex            80%        N/A       2%          1
 Volatile Blastmotes      Fire/Tloc      66%        2d15      3%          3
 Fulminant Prism          Conj/Alch      11%        3d9       19%         4
 Iskenderun's Mystic Bla  Conj/Tloc      23%        2d6       19%         4
 Anguish                  Hex/Necr       7%         N/A       34%         4
 Lee's Rapid Deconstruct  Erth           4%         3d5*      80%         5
 Spellforged Servitor     Conj/Summ      16%        N/A       100%        7
 Summon Hydra             Summ           14%        N/A       100%        7
 Death's Door             Necr           4%         N/A       100%        9
 Animate Armour           Summ/Erth      Unusable   N/A       N/A         4

Dungeon Overview and Level Annotations

Branches:
Dungeon (1/1)

Altars:
Ashenzari
Cheibriados
Dithmenos
Elyvilon
Fedhas
Gozag
Hepliaklqana
Kikubaaqudgha
Makhleb
Nemelex Xobeh
Okawaru
Qazlal
Ru
Sif Muna
Trog
Uskayaw
Vehumet
Wu Jian
Xom
Yredelemnul
Zin
The Shining One
Beogh
Jiyva
Lugonu

Annotations:
D 1 transporter


Innate Abilities, Weirdness & Mutations

You cannot wear most types of armour.
You are amphibious.
You can wear up to eight rings at the same time.
Your skin changes colour to match your surroundings (Stealth+).
Your rubbery body absorbs attacks. (AC +1, EV +1)
((You are camouflaged when in or above water. (Stealth+)))
You have tentacles for arms and can constrict up to eight enemies at once.


Message History

The red devil is wielding a +2 vampiric trident.
The ufetubus shouts!
The iron imp shouts!
Ciuskyg rustles, "Taste defeat, thou gorbellied sheep-biting boar-pig!"
Found six items.
Okay, then.
Unknown command.
Press: ? - help, v - describe, . - travel
Here: Ciuskyg The floor.
Unknown command.
Unknown command.
Fire: A) +27 heavy crossbow "Sniper" {heavy, Acc+∞ SInv}
Press: ? - help, Q - select action, (/) - cycle Shift-Dir - straight line, f - Ciuskyg
Aim: Ciuskyg (100% to hit)
Okay, then.
Unknown command.
Okay, then.
Unknown command.
Press: ? - help, v - describe, . - travel
Here: Ciuskyg The floor.
Unknown command.
Unknown command.
Unknown command.
Unknown command.
You fail to use your ability.
The crimson imp shouts!
A six-headed hydra appears.
Sif Muna will no longer gift you books.
The crimson imp blinks!
Unknown command.
The crimson imp disappears for a moment.
Your six-headed hydra bites Ciuskyg.
Your six-headed hydra bites Ciuskyg!
Your six-headed hydra bites Ciuskyg.
Your six-headed hydra misses Ciuskyg.
Your six-headed hydra bites Ciuskyg but does no damage.
Your six-headed hydra misses Ciuskyg.
Found a transporter.
Ciuskyg attacks as it pursues you! Ciuskyg tramples you!!
You hold your ground!
The iron imp barely misses you. Ciuskyg tramples you!!
Ouch! That really hurt!
You die...

▓▓▓▓▓▓▓▓▓
▓..ß©ß..▓
▓..))=..▓
▓..)[)..▓
▓..45...▓
▓.......▓
▓.......▓
▓.5D....▓
▓@▓...▓.▓
▓.&5©...▓
▓▓▓▓▓▓▓▓▓


You could see Ciuskyg (ally target), a red devil, an iron imp, a crimson imp, a
shadow imp and a friendly six-headed hydra (summoned).

Vanquished Creatures
  2 yaks (D)
  A hell hound (D)
  A bullfrog (D)
  3 quasits (D)
  An orc priest (D)
  7 orc wizards (D)
  2 mummies (D)
  3 orcs (D)
  A jackal (D)
  A ball python simulacrum (D)
  A ball python skeleton (D)
  A giant cockroach zombie (D)
24 creatures vanquished.

Notes
Turn   | Place    | Note
-------+----------+-------------------------------------------
     0 | D        | Conn the Octopode Fire Elementalist began the quest for the
                  | Orb.
     0 | D        | Reached XP level 1. HP: 11/11 MP: 3/3
     0 | D        | Found a shimmering blue altar of Sif Muna.
     0 | D        | Found a bloodstained altar of Trog.
     0 | D        | Found a sacrificial altar of Ru.
     0 | D        | Found a stormy altar of Qazlal.
     0 | D        | Found an iron altar of Okawaru.
     1 | D        | Found a sparkling altar of Nemelex Xobeh.
     1 | D        | Found a blossoming altar of Fedhas.
     1 | D        | Found the +6 Majin-Bo {spellvamp, MP+6 Int+6}
     1 | D        | Found the +27 heavy crossbow "Sniper" {heavy, Acc+∞ SInv}
     1 | D        | Found the +10 dark maul {heavy}
     1 | D        | Found the +15 Maxwell's patent armour {-Cast -Tele rElec
                  | Will+ rCorr}
     1 | D        | Found the +18 shield of the Gong {Loud rN+ Will+ rCorr
                  | EV-5}
     1 | D        | Found the +16 obsidian axe {drain, demonic, Mesm ^Drain Fly
                  | SInv}
     1 | D        | Found the +7 great mace "Firestarter" {flame, immolate,
                  | rFlCloud rF++}
     1 | D        | Found the +6 shillelagh "Devastator" {shatter}
     1 | D        | Found the +11 plutonium sword {^Contam Stlth-}
     1 | D        | Found the +8 lance "Wyrmbane" {slay drac, rPois rF+ rC+
                  | AC+3}
     1 | D        | Found the +9 sword of Zonguldrok {reap}
     1 | D        | Found the +13 scythe of Curses {drain, curses, ^Drain}
     1 | D        | Found the +9 sword of Power {lifebolt}
     1 | D        | Found the +7 mace of Variability {chaos, chaos arc}
     1 | D        | Found the +11 Singing Sword {sonic wave}
     1 | D        | Found the +8 storm bow {elec, penet}
     3 | D        | Found a transporter.
     3 | D        | Found an ancient bone altar of Kikubaaqudgha.
     3 | D        | Found a viscous altar of Jiyva.
     3 | D        | Found a corrupted altar of Lugonu.
     3 | D        | Found a hazy altar of Hepliaklqana.
     3 | D        | Found a burning altar of Makhleb.
     3 | D        | Found an opulent altar of Gozag.
    54 | D        | Became a worshipper of Sif Muna the Loreminder
   148 | D        | Entered arena 2.
   148 | D        | Noticed an orc wizard
   148 | D        | Noticed an orc wizard
   148 | D        | Found a transporter.
   150 | D        | Killed an orc wizard
   150 | D        | Killed an orc wizard
   151 | D        | Reached skill level 6 in Fire Magic
   151 | D        | Reached XP level 2. HP: 17/17 MP: 4/6
   151 | D        | Reached XP level 3. HP: 21/21 MP: 4/7
   165 | D        | Learned a level 2 spell: Scorch
   169 | D        | Learned a level 3 spell: Inner Flame
   185 | D        | Entered arena 3.
   185 | D        | Found a transporter.
   187 | D        | Reached * piety under Sif Muna
   188 | D        | Reached XP level 4. HP: 27/27 MP: 4/9
   233 | D        | Entered arena 4.
   233 | D        | Noticed a yak
   233 | D        | Noticed a bullfrog
   233 | D        | Noticed a yak
   233 | D        | Found a transporter.
   235 | D        | Reached ** piety under Sif Muna
   236 | D        | Killed a bullfrog
   236 | D        | Killed a yak
   236 | D        | Killed a yak
   236 | D        | Reached *** piety under Sif Muna
   237 | D        | Reached skill level 5 in Dodging
   237 | D        | Reached skill level 5 in Shields
   237 | D        | Reached skill level 5 in Spellcasting
   237 | D        | Reached skill level 7 in Fire Magic
   237 | D        | Reached skill level 5 in Invocations
   237 | D        | Reached XP level 5. HP: 13/31 MP: 9/12
   237 | D        | Reached XP level 6. HP: 15/36 MP: 9/13
   324 | D        | Learned a level 4 spell: Flame Wave
   329 | D        | Learned a level 4 spell: Summon Lightning Spire
   329 | D        | Entered arena 5.
   329 | D        | Found a transporter.
   331 | D        | Reached XP level 7. HP: 41/41 MP: 14/14
   332 | D        | Reached skill level 1 in Air Magic
   347 | D        | Entered arena 6.
   347 | D        | Found a transporter.
   348 | D        | Reached **** piety under Sif Muna
   349 | D        | Reached skill level 1 in Summonings
   351 | D        | Reached skill level 1 in Hexes
   352 | D        | Reached ***** piety under Sif Muna
   359 | D        | Got the Codex of the Congregation and Evil
   368 | D        | Entered arena 7.
   375 | D        | Received a gift from Sif Muna
   377 | D        | Reached skill level 8 in Fire Magic
   381 | D        | Got Sif Muna's Exposition on Ensnaring Conjuring {god gift}
   382 | D        | Found a transporter.
   470 | D        | Learned a level 3 spell: Hailstorm
   471 | D        | Entered arena 8.
   471 | D        | Noticed a red devil
   471 | D        | Noticed Ciuskyg the pandemonium lord
   476 | D        | Found a transporter.
   476 | D        | Slain by Ciuskyg the pandemonium lord

Illustrated notes

Levels and vault maps discovered:
D:        sprint_v [room_start, room_1, room_2, room_3, room_4, room_5, room_6,
          room_7, room_8, room_9, room_10, room_11, room_12, room_13, room_14,
          room_15, room_16, room_17, room_18, room_19, room_20, room_21,
          room_22, room_23, room_24, room_25, room_26, room_27]

Skill      XL: |  1  2  3  4  5  6  7 |
---------------+----------------------+-----
Dodging        | 3 5 |  5.9
Stealth        | 4 7 |  7.1
Spellcasting   | 3 5 |  5.6
Fire Magic     | 6 7 8 |  8.0
Shields        | 5 6 |  6.4
Conjurations   | 4 |  4.6
Invocations    | 5 6 7 |  7.1
Air Magic      | 3 |  3.1
Summonings     | 3 |  3.1
Hexes          | 1 |  1.9
Evocations     | |  0.5

Action                     |  1- 3 |  4- 6 |  7- 9 || total
---------------------------+-------+-------+-------++-------
   Fire: Heavy crossbow    |       |     2 |    11 ||    13
   Cast: Inner Flame       |     1 |       |     2 ||     3
         Scorch            |       |       |     2 ||     2
         Summon Hydra      |       |       |     1 ||     1
         Summon Lightning  |       |       |     1 ||     1
 Invoke: Divine Exegesis   |       |       |     1 ||     1
  Evoke: Wand              |     3 |       |     1 ||     4
         Tin of tremorston |       |     2 |       ||     2
 Armour: Skin              |       |     1 |     9 ||    10
  Dodge: Dodged            |       |       |    21 ||    21

Table legend: (Time is in decaauts)
 A = Elapsed time spent in this place.
 B = Non-inter-level travel time spent in this place.
 C = Inter-level travel time spent in this place.
 D = Time resting spent in this place.
 E = Time spent auto-exploring this place.
 F = Levels seen in this place.
 G = Mean time per level.
                   A        B        C        D        E       F      G
               +--------+--------+--------+--------+--------+-----+--------+
         Total |    506 |    506 |      0 |    152 |      0 |   1 |  506.0 |
       Dungeon |    506 |    506 |      0 |    152 |      0 |   1 |  506.0 |
               +--------+--------+--------+--------+--------+-----+--------+

Top non-repeatable levels by time:
       D: 506 daAuts
